 Dungeon Crawl Stone Soup version 0.25.0-1-g7eea58d (webtiles) character file.

Game seed: 4400899856071176680

660745 yaymichael the Slayer (level 25, -22/200 HPs)
             Began as a Merfolk Ice Elementalist on June 14, 2020.
             Was the Champion of Ru.
             Annihilated by an Orb Guardian (40 damage)
             ... on level 4 of the Realm of Zot on June 16, 2020.
             The game lasted 08:33:57 (113943 turns).

yaymichael the Slayer (Merfolk Ice Elementalist)  Turns: 113943, Time: 08:33:57

Health: -22/200    AC: 18    Str: 21    XL:     25
Magic:  33/44      EV: 17    Int: 16    God:    Ru [******]
Gold:   4684       SH: 29    Dex: 26    Spells: 12/59 levels left

rFire    + + .     SeeInvis .   m - +9 demon trident (elec)
rCold    . . .     Gourm    .   C - +5 kite shield {AC+3}
rNeg     + . .     Faith    .   p - +1 chain mail of Virtue {Dex+4 Slay+3}
rPois    +         Spirit   .   d - +2 hat of the Apothecary {*Drain Str+6}
rElec    +         Reflect  +   E - scarf {repulsion}
rCorr    .         Harm     .   f - +3 pair of gauntlets of War {Slay+5}
MR       +....                  j - +2 pair of boots {Stlth+}
Stlth    ++........             F - amulet of reflection
HPRegen  0.43/turn              x - ring "Eticuxegg" {rElec rPois rF+ Int-4 Dex+4}
MPRegen  0.29/turn              B - ring "Rurooc" {rF+ rN+ Str+2 Slay+2}

@: exhausted, contaminated, glowing, drained, repel missiles
A: change form in water, swift swim, stealthy swim, claws 1, horns 1, large bone
plates 1, slimy green scales 1, agile 1, blink, blurry vision 1, frail 1,
screaming 1, hated by all, inability to train armour, no fire magic, no
summoning magic, no transmutations magic, reduced AC 1, inexperienced 1
}: 3/15 runes: barnacled, silver, gossamer
a: Blink, Draw Out Power, Power Leap, Apocalypse, Renounce Religion


You were on level 4 of the Realm of Zot.
You worshipped Ru.
Ru was exalted by your worship.
You were not hungry.

You visited 11 branches of the dungeon, and saw 53 of its levels.
You visited the Abyss 1 time.
You visited 1 bazaar.
You visited 1 ziggurat, and saw 11 of its levels.
You also visited: Trove and Ice Cave.

You collected 9159 gold pieces.
You spent 4475 gold pieces at shops.

Inventory:

Hand Weapons
 m - a +9 demon trident of electrocution (weapon)
 n - the +8 trident of War {vorpal, rF+ rN+}
   (You took it off a vault warden on level 1 of the Vaults)

   It inflicts extra damage upon your enemies.
   It protects you from fire.
   It protects you from negative energy.
 J - the +8 mithril axe "Arga" {speed, MR+}
   (You found it on level 10 of the Dungeon)

   Attacks with this weapon are significantly faster.
   It affects your resistance to hostile enchantments.
Missiles
 h - 27 javelins (quivered)
 t - 28 silver javelins
Armour
 d - the +2 hat of the Apothecary (worn) {*Drain Str+6}
   (You bought it in a shop in a bazaar)

   It affects your strength (+6).
   It causes draining when unequipped.
 e - a +3 ring mail of cold resistance
 f - the +3 pair of gauntlets of War (worn) {Slay+5}
   (You found it on level 9 of a ziggurat)

   It affects your accuracy and damage with ranged weapons and melee attacks
   (+5).
 j - a +2 pair of boots of stealth (worn)
 k - a +3 ring mail of poison resistance
 p - the +1 chain mail of Virtue (worn) {Dex+4 Slay+3}
   (You found it on level 4 of the Depths)

   It affects your dexterity (+4).
   It affects your accuracy and damage with ranged weapons and melee attacks
   (+3).
 C - a +5 kite shield of protection (worn)
 E - a scarf of repulsion (worn)
 Y - a +2 cloak
Jewellery
 b - the ring of Jonesuck {rN+ Dex+8}
   (You acquired it on level 3 of the Elven Halls)

   [ring of positive energy]

   It affects your dexterity (+8).
   It protects you from negative energy.
 l - the ring "Ihiustreh" {rN+ Str+4}
   (You found it on level 3 of the Crypt)

   [ring of positive energy]

   It affects your strength (+4).
   It protects you from negative energy.
 s - the ring "Tilaotuy" {rN+ Str+5 Int+3}
   (You found it on level 3 of the Crypt)

   [ring of positive energy]

   It affects your strength (+5).
   It affects your intelligence (+3).
   It protects you from negative energy.
 w - the amulet "Cilehil" {RegenMP +Fly rElec Dex-4 Slay+2}
   (You found it in a treasure trove)

   [amulet of magic regeneration]

   It increases your magic regeneration.
   It affects your dexterity (-4).
   It affects your accuracy and damage with ranged weapons and melee attacks
   (+2).
   It insulates you from electricity.
   It lets you fly.
 x - the ring "Eticuxegg" (left hand) {rElec rPois rF+ Int-4 Dex+4}
   (You acquired it on level 5 of the Vaults)

   [ring of dexterity]

   It affects your intelligence (-4).
   It affects your dexterity (+4).
   It protects you from fire.
   It insulates you from electricity.
   It protects you from poison.
 y - the ring "Oniazunt" {rCorr Int+3}
   (You found it on level 3 of the Elven Halls)

   [ring of resist corrosion]

   It affects your intelligence (+3).
   It provides partial protection from all sources of acid and corrosion.
 z - the amulet "Foskuol" {Acrobat rElec rC- Int+2 Slay+6}
   (You found it in a treasure trove)

   [amulet of the acrobat]

   It helps you evade while moving and waiting.
   It affects your intelligence (+2).
   It affects your accuracy and damage with ranged weapons and melee attacks
   (+6).
   It makes you vulnerable to cold.
   It insulates you from electricity.
 A - the amulet of Xom's Entertainment {RegenMP rC- Dex+3 Stlth+}
   (You found it in a treasure trove)

   [amulet of magic regeneration]

   It increases your magic regeneration.
   It affects your dexterity (+3).
   It makes you vulnerable to cold.
   It makes you more stealthy.
 B - the ring "Rurooc" (right hand) {rF+ rN+ Str+2 Slay+2}
   (You found it on level 3 of the Crypt)

   [ring of positive energy]

   It affects your strength (+2).
   It affects your accuracy and damage with ranged weapons and melee attacks
   (+2).
   It protects you from fire.
   It protects you from negative energy.
 F - an amulet of reflection (around neck)
 M - the amulet "Mugiguil" {RegenMP MR+ Str+4}
   (You acquired it on level 2 of the Lair of Beasts)

   [amulet of magic regeneration]

   It increases your magic regeneration.
   It affects your strength (+4).
   It affects your resistance to hostile enchantments.
 S - an uncursed ring of see invisible
 V - an uncursed ring of wizardry
 W - the ring "Sisch" {rF+ Dex+6}
   (You acquired it on level 3 of the Spider Nest)

   [ring of protection from fire]

   It affects your dexterity (+6).
   It protects you from fire.
 Z - the ring "Lakhlaj" {rC++ Int+5 Dex-2 Stlth+}
   (You found it on level 3 of the Crypt)

   [ring of stealth]

   It affects your intelligence (+5).
   It affects your dexterity (-2).
   It greatly protects you from cold.
   It makes you more stealthy.
Wands
 i - a wand of iceblast (23)
 H - a wand of digging (17)
 P - a wand of disintegration (17)
 R - a wand of acid (17)
 X - a wand of polymorph (10)
Scrolls
 a - 19 scrolls of teleportation
 o - 5 scrolls of fear
 r - 3 scrolls of holy word
 G - 24 scrolls of remove curse
 I - 3 scrolls of blinking
 L - 13 scrolls of identify
 N - a scroll of fog
Potions
 q - 5 potions of magic
 u - 3 potions of mutation
 v - a potion of curing
 D - a potion of haste
 O - 9 potions of stabbing
 U - 2 potions of brilliance
Miscellaneous
 g - a tin of tremorstones (3/3)
 K - a phial of floods
 Q - a lightning rod (4/4)
Comestibles
 c - 29 rations


   Skills:
 * Level 24.0(22.2) Fighting
   Level 4.7(3.5) Long Blades
 - Level 15.5(14.6) Axes
   Level 0.2(9.0) Maces & Flails
 - Level 13.5(18.4) Polearms
 - Level 3.9(2.8) Throwing
 * Level 14.5(13.0) Dodging
 * Level 14.5(13.0) Stealth
 - Level 15.0(13.5) Shields
 - Level 3.4(2.3) Unarmed Combat
 * Level 17.7(16.2) Spellcasting
 * Level 13.2(11.7) Conjurations
 - Level 7.9(6.6) Charms
 - Level 6.0(4.8) Necromancy
 - Level 2.8(1.7) Translocations
 * Level 20.1(18.4) Ice Magic
 - Level 5.8(4.6) Air Magic
 - Level 4.3(3.1) Evocations


You had 12 spell levels left.
You knew the following spells:

 Your Spells              Type           Power        Failure   Level  Hunger
a - Metabolic Englaciati  Hex/Ice        #####.....   38%         5    ####...
b - Frozen Ramparts       Ice            ######       1%          3    None
c - Ozocubu's Armour      Chrm/Ice       ######..     1%          3    None
d - Hailstorm             Conj/Ice       ######..     1%          4    None
e - Pain                  Necr           ####         9%          1    None
f - Swiftness             Chrm/Air       ####....     10%         2    None
h - Iskenderun's Mystic   Conj/Tloc      ####....     38%         4    None
i - Song of Slaying       Chrm           ####....     6%          2    None
j - Mephitic Cloud        Conj/Pois/Air  ####....     21%         3    None
k - Dazzling Flash        Conj/Hex       ####..       17%         3    None
l - Airstrike             Air            ####......   69%         4    None
n - Ensorcelled Hibernat  Hex/Ice        #####.       2%          2    None
o - Stone Arrow           Conj/Erth      ####..       17%         3    None
p - Blink                 Tloc           N/A          43%         2    None
q - Freezing Cloud        Conj/Ice/Air   ######....   65%         6    #####..

Your spell library contained the following spells:

 Spells                   Type           Power        Failure   Level  Hunger
 Freeze                   Ice            ####         1%          1    None
 Magic Dart               Conj           ####         1%          1    None
 Searing Ray              Conj           ######       1%          2    None
 Shock                    Conj/Air       ####         2%          1    None
 Infusion                 Chrm           ####         4%          1    None
 Static Discharge         Conj/Air       #####...     7%          3    None
 Corpse Rot               Necr/Air       N/A          14%         2    None
 Sublimation of Blood     Necr           ####......   14%         2    None
 Shroud of Golubria       Chrm/Tloc      ####..       17%         2    None
 Vampiric Draining        Necr           ####......   26%         3    None
 Apportation              Tloc           ###...       32%         1    None
 Poisonous Vapours        Pois/Air       ###...       36%         2    None
 Iskenderun's Battlesphe  Conj/Chrm      #####...     38%         5    ####...
 Spectral Weapon          Hex/Chrm       ###.....     45%         3    None
 Fulminant Prism          Conj/Hex       ####......   50%         4    None
 Corona                   Hex            ##.....      54%         1    None
 Sandblast                Erth           ##....       54%         1    None
 Lightning Bolt           Conj/Air       #####.....   54%         5    ####...
 Dispel Undead            Necr           ####....     65%         4    None
 Gell's Gravitas          Tloc           ###.......   67%         3    None
 Lesser Beckoning         Tloc           ###.......   67%         3    None
 Teleport Other           Tloc           ###.....     67%         3    None
 Slow                     Hex            ##......     69%         2    None
 Portal Projectile        Hex/Tloc       ###...       80%         3    None
 Excruciating Wounds      Chrm/Necr      ####......   86%         5    ####...
 Confusing Touch          Hex            ##......     89%         3    None
 Agony                    Necr           ####....     94%         5    ####...
 Passage of Golubria      Tloc           N/A          97%         4    None
 Orb of Destruction       Conj           ######....   99%         7    #######
 Cause Fear               Hex            ##........   100%        4    None
 Leda's Liquefaction      Hex/Erth       ##........   100%        4    None
 Borgnjor's Vile Clutch   Necr/Erth      ###.......   100%        5    ####...
 Lee's Rapid Deconstruct  Erth           ##........   100%        5    ####...
 Silence                  Hex/Air        ###.......   100%        5    ####...
 Darkness                 Hex            ##........   100%        6    #####..
 Invisibility             Hex            ##......     100%        6    #####..
 Iron Shot                Conj/Erth      ####......   100%        6    #####..
 Shatter                  Erth           ##........   100%        9    #######
 Tornado                  Air            ####......   100%        9    #######
 Foxfire                  Conj/Fire      Unusable     N/A         1    N/A
 Animate Skeleton         Necr           Unusable     N/A         1    N/A
 Ice Form                 Ice/Tmut       Unusable     N/A         4    N/A
 Summon Ice Beast         Ice/Summ       Unusable     N/A         4    N/A
 Conjure Flame            Conj/Fire      Unusable     N/A         3    N/A
 Sticky Flame             Conj/Fire      Unusable     N/A         4    N/A
 Beastly Appendage        Tmut           Unusable     N/A         1    N/A
 Summon Butterflies       Summ           Unusable     N/A         1    N/A
 Summon Small Mammal      Summ           Unusable     N/A         1    N/A
 Simulacrum               Ice/Necr       Unusable     N/A         6    N/A
 Animate Dead             Necr           Unusable     N/A         4    N/A
 Call Imp                 Summ           Unusable     N/A         2    N/A
 Passwall                 Tmut/Erth      Unusable     N/A         2    N/A
 Sticks to Snakes         Tmut           Unusable     N/A         2    N/A
 Recall                   Summ/Tloc      Unusable     N/A         3    N/A
 Fireball                 Conj/Fire      Unusable     N/A         5    N/A
 Irradiate                Conj/Tmut      Unusable     N/A         5    N/A
 Call Canine Familiar     Summ           Unusable     N/A         3    N/A
 Ignite Poison            Fire/Tmut/Pois Unusable     N/A         3    N/A
 Inner Flame              Hex/Fire       Unusable     N/A         3    N/A
 Spider Form              Tmut/Pois      Unusable     N/A         3    N/A
 Summon Guardian Golem    Hex/Summ       Unusable     N/A         3    N/A
 Tukima's Dance           Hex            Unusable     N/A         3    N/A
 Bolt of Magma            Conj/Fire/Erth Unusable     N/A         5    N/A
 Petrify                  Tmut/Erth      Unusable     N/A         4    N/A
 Alistair's Intoxication  Tmut/Pois      Unusable     N/A         5    N/A
 Blade Hands              Tmut           Unusable     N/A         5    N/A
 Summon Demon             Summ           Unusable     N/A         5    N/A
 Death Channel            Necr           Unusable     N/A         6    N/A
 Eringya's Noxious Bog    Tmut/Pois      Unusable     N/A         6    N/A
 Shadow Creatures         Summ           Unusable     N/A         6    N/A
 Starburst                Conj/Fire      Unusable     N/A         6    N/A
 Statue Form              Tmut/Erth      Unusable     N/A         6    N/A
 Dragon Form              Tmut           Unusable     N/A         7    N/A
 Ring of Flames           Chrm/Fire      Unusable     N/A         7    N/A
 Spellforged Servitor     Conj/Summ      Unusable     N/A         7    N/A
 Dragon's Call            Summ           Unusable     N/A         9    N/A

Dungeon Overview and Level Annotations

Branches:
Dungeon (15/15)              Lair (6/6) D:9          Shoals (4/4) Lair:2
 Spider (4/4) Lair:4        Slime (0/5) Lair:6          Orc (2/2) D:12
    Elf (3/3) Orc:2        Vaults (5/5) D:13          Crypt (3/3) Vaults:2
   Tomb (0/3) Crypt:3      Depths (5/5) D:15           Hell (visited)
    Dis (0/7) Hell            Coc (0/7) Hell            Tar (0/7) Hell
    Zot (5/5) Depths:5      IceCv (visited)
 Temple: D:4-7          Geh: Hell:1

Altars:
Ashenzari
Cheibriados
Elyvilon
Gozag
Kikubaaqudgha
Nemelex Xobeh
Ru
Yredelemnul
Beogh
Jiyva

Shops:
D:9 :   D:11 *   D:12 ?}   Orc:2 %}([   Vaults:2 *}   Vaults:5 [

Portals:
Hell: Depths:1 Depths:2 Depths:3 Depths:4 Depths:5
Abyss: Depths:1 Depths:4
Pandemonium: Depths:1 Depths:3

Annotations:
Elf:1 1 runed translucent door, Soammui's ghost, adept MiBe
Elf:2 5 runed translucent doors
Hell exclusion: ice statue
Zot:5 3 runed translucent doors, moogleknight's ghost, master DsBe


Innate Abilities, Weirdness & Mutations

You revert to your normal form in water.
You are very nimble and swift while swimming.
You are very stealthy in the water. (Stealth+)
You are hated by all.
You cannot train Armour skill.
You cannot study or cast Fire magic.
You cannot study or cast Summoning magic.
You cannot study or cast Transmutations magic.
You take slightly more damage. (AC -5)
You are somewhat inexperienced. (-2 XL)
You have sharp fingernails.
You have a pair of small horns on your head.
You are partially covered in large bone plates. (SH +4)
You are partially covered in slimy green scales. (AC +2)
You are agile. (Dex +2)
You can translocate small distances at will.
Scrolls take you a little longer to read.
You are frail. (-10% HP)
You occasionally shout uncontrollably at your foes.


Message History

The Orb Guardian hits you!!
You impale the Orb Guardian!!
Lightning courses through the Orb Guardian!
You headbutt the Orb Guardian.
The Orb Guardian is moderately wounded.
The Orb Guardian is stunned by your will and fails to attack.
You impale the Orb Guardian!! Your headbutt misses the Orb Guardian.
The Orb Guardian is heavily wounded.
The Orb Guardian completely misses you.
You hit the Orb Guardian.
The Orb Guardian is heavily wounded.
The Orb Guardian hits you! The Orb Guardian hits you!!!
* * * LOW HITPOINT WARNING * * *
You hit the Orb Guardian. You headbutt the Orb Guardian.
The Orb Guardian is heavily wounded.
The Orb Guardian hits you!!
* * * LOW HITPOINT WARNING * * *
You feel better. You block the Orb Guardian's attack.
The Orb Guardian hits you!!!
You die...

*,,,,,,,,,,,,,,,
*,,,,,,,,,,,,,,,
*,,,,,,,,,,,,,,,
***********,,,,,
##### *,,,,, #.>.#
***** *,,,,, #...#
*,,,* ****** #.X.#
*,,,*
#.@.##*,,,*********
#....#**,,,,,,,,,,,
#....# *,,,,,,,,,,,
#....# *,,,,,,,,,,,
#....##*,,,,,,,,,,,
#.....#****,,,***,,
#.....# *,,,* ***
#.....# *,,,*
#.....# *,,,*


You could see an Orb Guardian (berserk).

Vanquished Creatures
  An orb of fire (Zot:1)
  An ancient lich (Zot:1)
  Sojobo (Depths:2)
  Boris (thrice) (Depths:3 Depths:4 Crypt:1)
  A shard shrike (Zig:3)
  Margery (Crypt:2)
  A Killer Klown (Depths:3)
  Bai Suzhen (Spider:3)
  Saint Roka (Vaults:3)
  Xtahua (Crypt:3)
  3 curse toes (Zot:3)
  Geryon (Hell)
  7 golden dragons
  Nikola (Spider:1)
  A bone dragon (Zot:1)
  2 electric golems
  14 tentacled monstrosities
  Asterion (Vaults:2)
  A Hell Sentinel (Zot:1)
  5 liches
  8 Orb Guardians (Zot:5)
  2 titans (Vaults:5)
  2 deep elf master archers (Elf:3)
  2 deep elf blademasters (Elf:3)
  Murray (Hell)
  2 acid blobs (Zig:9)
  6 quicksilver dragons
  Frances (Spider:2)
  6 death cobs
  A tentacled starspawn (Abyss:2)
  6 ancient champions
  Gastronok (Lair:1)
  Kirke (Spider:1)
  A draconian monk (Zot:3)
  Donald (Vaults:1)
  6 sphinxes
  8 tengu reavers
  13 storm dragons
  2 revenants
  4 shadow dragons
  2 azure jellies (Zig:9)
  4 draconian knights
  11 frost giants
  6 fire giants
  A nagaraja (Zig:7)
  An iron dragon (Vaults:5)
  19 vault wardens
  6 draconian scorchers
  6 deep elf sorcerers
  4 orc warlords
  A balrug (Abyss:2)
  5 ghost moths
  4 emperor scorpions (Spider:4)
  Louise (Spider:3)
  Aizul (Shoals:4)
  3 ghouls
  A cacodemon (Hell)
  8 draconian annihilators
  4 draconian shifters
  A curse skull (Crypt:2)
  5 deep elf elementalists
  A spriggan defender (Depths:4)
  11 ironheart preservers
  10 war gargoyles
  12 entropy weavers
  4 draconian stormcallers
  23 stone giants
  9 starcursed masses (Abyss:2)
  3 deep elf demonologists
  4 green draconians
  7 vampire knights
  14 yellow draconians
  A lorocyproca (Hell)
  11 black draconians
  24 very ugly things
  7 purple draconians
  2 pale draconians (Depths:5)
  3 spark wasps
  11 red draconians
  9 deep elf annihilators
  A spark wasp (shapeshifter) (Vaults:5)
  10 white draconians
  11 ettins
  5 deep elf death magi
  5 jiangshi (Crypt:1)
  4 merfolk javelineers
  3 crystal guardians (Crypt:3)
  3 blizzard demons (Hell)
  6 merfolk impalers
  8 fire dragons
  5 deep elf high priests
  6 rakshasas
  10 great orbs of eyes
  16 yaktaur captains
  13 ice dragons
  A naga warrior (Zig:6)
  7 hydras
  The ghost of yaymichael the Frost Mage, a journeyman MfIE of Vehumet (Lair:1)
  Fannar (Lair:3)
  A catoblepas (Lair:2)
  31 vault guards
  3 spriggan air magi
  The ghost of auberdahn the Grappler, a novice TrMo of Elyvilon (D:8)
  5 merfolk avatars
  11 ogre magi
  An anaconda (shapeshifter) (Vaults:5)
  4 merfolk aquamancers (Shoals:4)
  An anaconda (Lair:5)
  5 death knights
  11 centaur warriors
  5 satyrs
  37 two-headed ogres
  2 titan zombies (Crypt:3)
  19 dancing weapons
  9 deep troll shamans
  A queen ant (Spider:3)
  4 vampire magi
  2 thrashing horrors (Abyss:2)
  4 orc high priests
  2 shock serpents (Zig:6)
  A death yak (shapeshifter) (Vaults:3)
  2 naga sharpshooters (Zig:6)
  2 spriggan berserkers
  9 deep troll earth magi
  7 tengu warriors
  3 soul eaters
  4 sun demons
  8 deep elf knights
  A storm dragon zombie (Crypt:3)
  A fire crab (shapeshifter) (D:15)
  A golden dragon zombie (Crypt:3)
  41 skeletal warriors
  2 sea snakes (shapeshifter)
  8 shadow wraiths
  A salamander mystic (Depths:2)
  5 iron trolls
  2 sixfirhies
  A quicksilver dragon simulacrum (Crypt:2)
  An unseen horror (D:13)
  14 hell knights
  8 glowing orange brains
  7 flayed ghosts
  24 deep trolls
  17 ironbrand convokers
  4 wizards
  6 sea snakes
  A naga ritualist (Zig:6)
  A glowing orange brain (shapeshifter) (Vaults:5)
  4 lindwurms (Lair:2)
  An anaconda zombie (Hell)
  2 anaconda skeletons (Hell)
  13 deep elf archers
  36 wolf spiders
  A tengu skeleton (Zig:2)
  14 phantasmal warriors
  13 harpies
  49 deep elf magi
  11 necromancers
  4 orc sorcerers
  A harpy (shapeshifter) (Vaults:3)
  A shining eye (Zig:9)
  18 orb spiders
  17 orc knights
  A faun (shapeshifter) (Vaults:5)
  A mana viper (Zig:6)
  5 cyclopes
  15 fauns
  12 manticores
  5 salamanders
  46 ugly things
  A salamander (shapeshifter) (Vaults:2)
  A shock serpent zombie (Crypt:3)
  19 moths of wrath
  2 centaur zombies
  2 eyes of devastation (Zig:9)
  8 merfolk sirens
  An iron dragon skeleton (Crypt:1)
  18 elephants
  2 rust devils
  A torpor snail (shapeshifter) (Vaults:5)
  2 water nymphs
  3 ice statues (IceCv)
  7 black mambas
  3 gargoyles
  A guardian serpent (shapeshifter) (Vaults:5)
  A smoke demon (Depths:1)
  13 vault sentinels
  3 orange demons
  2 naga magi (Zig:6)
  A black mamba (shapeshifter) (Vaults:3)
  5 spectral swamp worms (Depths:3)
  A torpor snail (Spider:3)
  A molten gargoyle (Hell)
  2 stone giant skeletons
  10 spiny frogs
  2 hellions
  6 rime drakes
  9 komodo dragons
  A kobold demonologist (D:15)
  A yellow draconian zombie (Crypt:2)
  A shock serpent skeleton (Crypt:2)
  A green draconian zombie (Crypt:2)
  An efreet (D:10)
  2 ancient zymes (Abyss:2)
  12 freezing wraiths
  A hellwing (Depths:1)
  51 yaktaurs
  2 redback zombies
  18 trolls
  19 demonic crawlers
  5 red devils
  3 tengu conjurers
  2 ice devils (Hell)
  A wind drake (Shoals:4)
  30 jumping spiders
  21 merfolk
  5 polar bears (Lair:6)
  3 alligator zombies (Hell)
  15 hornets
  A hydra skeleton (Hell)
  28 slime creatures
  10 blink frogs
  2 raiju (Zig:5)
  7 hippogriffs
  An ettin zombie (Crypt:3)
  A fire dragon zombie (Crypt:1)
  7 snapping turtles
  7 spriggans
  An ice dragon skeleton (Crypt:2)
  3 air elementals
  3 ettin skeletons (Crypt:3)
  107 redbacks
  A redback (shapeshifter) (Depths:1)
  34 flying skulls (Crypt:3)
  5 shadows
  40 tarantellas
  5 wyverns
  A tarantella (shapeshifter) (Vaults:2)
  23 water elementals
  A wind drake zombie (Crypt:2)
  53 yaks
  7 wraiths
  3 ynoxinuls
  3 large abominations (Abyss:2)
  A basilisk (shapeshifter) (Vaults:1)
  2 basilisks
  A human (shapeshifter) (Elf:1)
  3 neqoxecs (Abyss:2)
  2 vampires
  4 fire elementals
  3 steam dragons (Depths:5)
  13 humans
  A chaos spawn (Zig:11)
  3 hungry ghosts
  A hog (Spider:1)
  6 vampire mosquitoes
  13 wargs
  11 hell hounds (Depths:5)
  6 acid dragons
  A soldier ant (shapeshifter) (Vaults:2)
  19 soldier ants (Spider:3)
  A water nymph zombie (Crypt:2)
  A deep troll zombie (Vaults:3)
  2 floating eyes
  A human zombie (Zig:2)
  2 hydra simulacra
  17 water moccasins
  A porcupine (shapeshifter) (Abyss:2)
  2 spiny frog zombies (Hell)
  9 porcupines
  A black bear (D:13)
  10 ice beasts
  59 orc warriors
  6 sky beasts
  2 black bears (shapeshifter) (D:15)
  38 ogres
  2 phantoms
  2 eyes of draining (Zig:9)
  6 necrophages
  8 wolves
  A boggart (Depths:1)
  A lindwurm skeleton (Crypt:1)
  5 small abominations (Abyss:2)
  22 centaurs
  17 crocodiles
  A draconian zombie (Crypt:1)
  3 big kobolds
  An octopode zombie (Crypt:2)
  An elf zombie (Crypt:2)
  18 bullfrogs
  2 earth elementals (Elf:1)
  7 gnoll sergeants (D:12)
  3 wyvern zombies
  2 wyvern skeletons
  13 scorpions
  A queen bee zombie (Crypt:1)
  A warg zombie (Crypt:1)
  A scorpion (shapeshifter) (Depths:2)
  18 killer bees
  16 wights
  An elephant simulacrum (Lair:1)
  A troll skeleton (Crypt:1)
  6 howler monkeys
  2 electric eels
  8 crimson imps
  A torpor snail simulacrum (Lair:1)
  A bullfrog zombie (D:12)
  2 human simulacra (Vaults:3)
  A demonspawn zombie (Crypt:1)
  2 quasits (Abyss:2)
  A wyvern simulacrum (Lair:1)
  5 jellies
  A water moccasin simulacrum (Lair:1)
  A bullfrog skeleton (D:12)
  21 orc priests
  Crazy Yiuf (D:2)
  11 hounds
  7 centaur skeletons
  33 orc wizards
  Ijyb (D:5)
  A demonspawn skeleton (Crypt:1)
  6 iguanas
  Natasha (D:3)
  8 hell rats (Lair:1)
  24 worker ants
  A wolf simulacrum (Lair:1)
  A big kobold zombie (Crypt:1)
  A big kobold skeleton (Crypt:2)
  A bullfrog simulacrum (Lair:1)
  A hound skeleton (D:10)
  Robin (D:4)
  A worker ant zombie (D:8)
  8 gnolls
  2 howler monkey skeletons
  10 river rats (Lair:1)
  8 adders
  A crocodile simulacrum (Lair:1)
  6 shadow imps
  14 white imps
  An ufetubus (Abyss:2)
  5 adder skeletons
  6 worms
  A dart slug (D:1)
  10 leopard geckos
  157 orcs
  7 bats
  12 giant cockroaches
  15 goblins
  9 hobgoblins
  11 jackals
  12 quokkas
  2 frilled lizards (D:2)
  3 jackal skeletons
  14 kobolds
  A leopard gecko skeleton (D:4)
  14 rats
  5 fungi
  25 plants
  A starspawn tentacle (Abyss:2)
2693 creatures vanquished.

Vanquished Creatures (others)
  An ancient lich (Crypt:3)
  A bone dragon (Crypt:3)
  2 vault wardens
  2 draconian annihilators
  An ironheart preserver (Vaults:1)
  An entropy weaver (Vaults:2)
  3 ettins
  A jiangshi (Crypt:1)
  A great orb of eyes (Depths:1)
  An ice dragon (Depths:1)
  A catoblepas (Lair:1)
  3 two-headed ogres
  A dancing weapon (Elf:1)
  A deep troll earth mage (D:15)
  A vampire mage (Crypt:1)
  An orc high priest (Orc:2)
  2 deep elf knights
  A shock serpent (Zig:5)
  A wizard (Zig:7)
  A harpy (Shoals:4)
  2 deep elf magi
  A faun (Shoals:2)
  An ugly thing (Abyss:2)
  A wolf spider (Spider:1)
  2 moths of wrath (Zot:1)
  A komodo dragon (D:13)
  3 yaktaurs
  2 demonic crawlers
  A merfolk (Shoals:4)
  A hornet (Lair:6)
  A jumping spider (Spider:4)
  A hydra skeleton (Crypt:3)
  A raiju (Zig:5)
  An air elemental (Zig:5)
  2 tarantellas
  A redback (Spider:1)
  A yak (D:14)
  A large abomination (Abyss:2)
  A water elemental (Elf:3)
  A deep troll skeleton (Vaults:3)
  A water moccasin (Lair:5)
  A porcupine (Lair:2)
  An ogre (D:6)
  A wolf (Lair:3)
  2 centaurs
  A scorpion (shapeshifter) (Vaults:4)
  A centaur skeleton (Crypt:2)
  An orc wizard (Orc:1)
  A hound zombie (D:10)
  An adder skeleton (D:8)
  An adder zombie (D:8)
  An orc (D:5)
  2 bushes (D:9)
  11 fungi
  31 plants
  3 starspawn tentacles (Abyss:2)
113 creatures vanquished.

Grand Total: 2806 creatures vanquished

Notes
Turn   | Place    | Note
-------+----------+-------------------------------------------
     0 | D:1      | yaymichael the Merfolk Ice Elementalist began the quest for
                  | the Orb.
     0 | D:1      | Reached XP level 1. HP: 13/13 MP: 3/3
   381 | D:1      | Reached XP level 2. HP: 19/19 MP: 5/5
   643 | D:1      | Reached skill level 5 in Ice Magic
   881 | D:1      | Reached XP level 3. HP: 24/24 MP: 2/6
   930 | D:1      | Learned a level 3 spell: Frozen Ramparts
  1604 | D:2      | Found a sacrificial altar of Ru.
  1691 | D:2      | Became a worshipper of Ru the Awakened
  1863 | D:2      | HP: 1/24 [worm (8)]
  1877 | D:2      | Reached XP level 4. HP: 3/30 MP: 2/7
  2225 | D:2      | Found a runed translucent door.
  2226 | D:2      | Noticed Crazy Yiuf
  2638 | D:2      | Learned a level 3 spell: Ozocubu's Armour
  3571 | D:3      | Gained mutation: You are hated by all. [Ru sacrifice]
  3571 | D:3      | Reached * piety under Ru
  3755 | D:3      | Reached skill level 1 in Long Blades
  3755 | D:3      | Reached XP level 5. HP: 24/36 MP: 8/8
  3869 | D:3      | Noticed Natasha
  3875 | D:3      | Killed Natasha
  4297 | D:4      | Noticed Robin
  4377 | D:4      | Noticed an ogre
  4393 | D:4      | Killed an ogre
  4393 | D:4      | Reached skill level 1 in Fighting
  4393 | D:4      | Reached XP level 6. HP: 30/43 MP: 3/10
  4487 | D:5      | Entered Level 5 of the Dungeon
  4715 | D:4      | Reached XP level 7. HP: 48/48 MP: 7/11
  4874 | D:4      | Killed Robin
  4971 | D:4      | Reached skill level 1 in Polearms
  5637 | D:5      | Found a shattered altar of Ashenzari.
  5647 | D:5      | Reached XP level 8. HP: 28/55 MP: 9/13
  5778 | D:5      | Reached skill level 5 in Dodging
  5819 | D:5      | Found an ancient bone altar of Kikubaaqudgha.
  5819 | D:5      | Noticed Ijyb
  5838 | D:5      | Killed Ijyb
  5953 | D:5      | Reached skill level 2 in Fighting
  5963 | D:5      | Learned a level 4 spell: Hailstorm
  6498 | D:5      | Reached skill level 5 in Stealth
  6652 | D:5      | Gained mutation: You cannot train Armour skill. [Ru
                  | sacrifice]
  6652 | D:5      | Reached ** piety under Ru
  6652 | D:5      | Reached *** piety under Ru
  6718 | D:6      | You fall into a shaft and drop 2 floors!
  6730 | D:8      | Noticed a two-headed ogre
  6730 | D:8      | Noticed a manticore
  6785 | D:8      | Killed a two-headed ogre
  6785 | D:8      | Reached skill level 5 in Polearms
  6785 | D:8      | Reached XP level 9. HP: 24/62 MP: 14/16
  6795 | D:8      | Killed a manticore
  6795 | D:8      | Reached skill level 5 in Spellcasting
  7369 | D:7      | Found an opulent altar of Gozag.
  7619 | D:6      | Reached skill level 3 in Fighting
  7995 | D:7      | Identified a scroll of acquirement
  8034 | D:7      | Reached XP level 10. HP: 44/70 MP: 14/18
  8763 | D:8      | Found a runed translucent gate.
  8764 | D:8      | Found a runed translucent gate.
  8764 | D:8      | Found a runed translucent gate.
  8765 | D:8      | Noticed auberdahn's ghost (novice TrMo)
  8765 | D:8      | Identified the +11 glaive of the Warrior-Mage {pain, rN+
                  | Int+3}
  8768 | D:8      | Found a roughly hewn altar of Beogh.
  8792 | D:8      | Learned a level 1 spell: Shock
  8972 | D:8      | Gained mutation: You cannot study or cast Fire magic. [Ru
                  | sacrifice]
  8972 | D:8      | Gained mutation: You cannot study or cast Transmutations
                  | magic. [Ru sacrifice]
  8972 | D:8      | Gained mutation: You cannot study or cast Summoning magic.
                  | [Ru sacrifice]
  8972 | D:8      | Reached **** piety under Ru
  9806 | D:9      | Reached skill level 4 in Fighting
 10152 | D:9      | Found a staircase to the Lair.
 10245 | D:9      | Reached skill level 10 in Polearms
 10317 | D:9      | Learned a level 2 spell: Swiftness
 10478 | D:9      | Reached XP level 11. HP: 77/78 MP: 17/20
 10482 | D:9      | Reached skill level 5 in Fighting
 10966 | D:9      | Found a snail-covered altar of Cheibriados.
 11002 | D:9      | Found Vockeer's Book Shop.
 11316 | Lair:1   | Entered Level 1 of the Lair of Beasts
 11316 | Lair:1   | Noticed a catoblepas
 11341 | Lair:1   | Killed a catoblepas
 11628 | Lair:1   | Found a runed translucent gate.
 11628 | Lair:1   | Found a runed translucent gate.
 11628 | Lair:1   | Found a runed translucent gate.
 11654 | Lair:1   | Noticed yaymichael's ghost (journeyman MfIE)
 11664 | Lair:1   | Gained mutation: You take slightly more damage. (AC -5) [Ru
                  | sacrifice]
 11664 | Lair:1   | Reached ***** piety under Ru
 11672 | Lair:1   | Noticed a five-headed hydra
 11764 | Lair:1   | Learned a level 3 spell: Static Discharge
 12008 | Lair:1   | Noticed Gastronok
 12660 | Lair:2   | Noticed a lindwurm
 12722 | Lair:2   | Noticed a catoblepas
 13775 | Lair:3   | Reached skill level 6 in Fighting
 13775 | Lair:3   | Reached skill level 1 in Shields
 14072 | Lair:3   | Reached skill level 10 in Ice Magic
 14557 | Lair:3   | Gained mutation: You have sharp fingernails. [potion of
                  | mutation]
 14557 | Lair:3   | Gained mutation: You are partially covered in rugged brown
                  | scales. (AC +1, +3% HP) [potion of mutation]
 14557 | Lair:3   | Gained mutation: Your body sometimes deteriorates upon
                  | taking damage. [potion of mutation]
 14557 | Lair:3   | Gained mutation: You are robust. (+10% HP) [potion of
                  | mutation]
 14658 | Lair:3   | Reached skill level 1 in Air Magic
 14658 | Lair:3   | Reached XP level 12. HP: 58/100 MP: 20/23
 15023 | Lair:3   | Noticed Fannar
 15060 | Lair:4   | Got the +0 buckler of the Fife {+Inv rN+ MR+ Str+3}
 15404 | Lair:4   | Gained mutation: You are somewhat inexperienced. (-2 XL)
                  | [Ru sacrifice]
 15404 | Lair:4   | Reached XP level 11. HP: 93/93 MP: 22/22
 15404 | Lair:4   | Reached XP level 10. HP: 87/87 MP: 21/21
 15404 | Lair:4   | Reached ****** piety under Ru
 15506 | Lair:4   | Noticed a four-headed hydra
 15560 | Lair:4   | Killed a four-headed hydra
 15560 | Lair:4   | Reached skill level 1 in Conjurations
 15708 | Lair:4   | Found a hole to the Spider Nest.
 16354 | Lair:5   | Noticed an elephant
 16354 | Lair:5   | Noticed an elephant
 16360 | Lair:5   | Noticed an elephant
 16360 | Lair:5   | Noticed an elephant
 16360 | Lair:5   | Noticed an elephant
 16368 | Lair:5   | Noticed an elephant
 16369 | Lair:5   | Reached skill level 7 in Fighting
 16375 | Lair:5   | Reached XP level 11. HP: 81/94 MP: 16/23
 17084 | Lair:5   | Reached skill level 8 in Fighting
 17084 | Lair:5   | Reached skill level 1 in Evocations
 17199 | Lair:5   | Noticed an anaconda
 17220 | Lair:5   | Killed an anaconda
 17520 | Lair:5   | Noticed a four-headed hydra
 17534 | Lair:5   | Killed a four-headed hydra
 17534 | Lair:5   | Reached XP level 12. HP: 89/106 MP: 20/24
 18151 | Lair:2   | Got the amulet "Mugiguil" {RegenMP MR+ Str+4}
 18192 | D:10     | Entered Level 10 of the Dungeon
 18256 | D:10     | Noticed a two-headed ogre
 18263 | D:10     | Killed a two-headed ogre
 18267 | D:10     | Noticed a six-headed hydra
 18386 | D:10     | Killed a six-headed hydra
 18423 | D:10     | Noticed a two-headed ogre
 18441 | D:10     | Killed a two-headed ogre
 18640 | D:10     | Noticed a two-headed ogre
 18677 | D:10     | Killed a two-headed ogre
 18852 | D:10     | Got a jewelled scale mail
 18853 | D:10     | Identified the +5 scale mail of Lilacs {Dex+4} (You found
                  | it on level 10 of the Dungeon)
 18979 | D:10     | Noticed a fire dragon
 18994 | D:10     | Found the +8 mithril axe "Arga" {speed, MR+}
 19017 | D:10     | Killed a fire dragon
 19022 | D:10     | Identified Erarghi's Papyrus of Creative Displacement
 19035 | D:10     | Learned a level 4 spell: Iskenderun's Mystic Blast
 19400 | D:10     | Reached skill level 9 in Fighting
 19647 | D:10     | Reached skill level 1 in Axes
 19748 | D:10     | Found an ancient bone altar of Kikubaaqudgha.
 19969 | D:11     | Reached XP level 13. HP: 113/114 MP: 23/26
 19997 | D:11     | Found Biosm's Bounteous Boutique.
 21395 | D:12     | Found a white marble altar of Elyvilon.
 21756 | D:12     | Found Piloazap's Magic Scroll Shoppe.
 21873 | D:12     | Bought a scroll of identify for 24 gold pieces
 21873 | D:12     | Bought a scroll of acquirement for 624 gold pieces
 22043 | D:12     | Reached skill level 10 in Spellcasting
 22427 | D:12     | Found Hotoerumn's Gadget Boutique.
 22575 | D:12     | Found a staircase to the Orcish Mines.
 22797 | D:11     | Bought a potion of berserk rage for 80 gold pieces
 22797 | D:11     | Bought a book of Battle for 640 gold pieces
 22797 | D:11     | Bought a scroll of blinking for 120 gold pieces
 22797 | D:11     | Bought a scroll of brand weapon for 320 gold pieces
 22803 | D:11     | Learned a level 2 spell: Song of Slaying
 22903 | Orc:1    | Entered Level 1 of the Orcish Mines
 22915 | Orc:1    | Reached skill level 5 in Axes
 23391 | Orc:2    | Entered Level 2 of the Orcish Mines
 23435 | Orc:2    | Found a roughly hewn altar of Beogh.
 23445 | Orc:2    | Found Nitt's Food Shop.
 23488 | Orc:2    | Noticed an orc warlord
 23495 | Orc:2    | Reached skill level 1 in Charms
 23500 | Orc:2    | Killed an orc warlord
 23500 | Orc:2    | Reached XP level 14. HP: 86/123 MP: 28/28
 23520 | Orc:2    | Found Quddaon's Antique Weapon Shoppe.
 23521 | Orc:2    | Found a roughly hewn altar of Beogh.
 23524 | Orc:2    | Found Xiatuyst's Antique Armour Emporium.
 23832 | Orc:2    | Found a roughly hewn altar of Beogh.
 23844 | Orc:2    | Found Kiusiu's Gadget Shop.
 23849 | Orc:2    | Bought a wand of acid (3) for 224 gold pieces
 24049 | Orc:2    | Found a frozen archway.
 24077 | IceCv    | Entered an ice cave
 24624 | IceCv    | Identified the Catalogue of Confrontation and Fire
 24721 | Orc:2    | Found a staircase to the Elven Halls.
 24952 | Orc:2    | Found a roughly hewn altar of Beogh.
 25044 | Orc:2    | Found a roughly hewn altar of Beogh.
 25162 | Orc:2    | Found a roughly hewn altar of Beogh.
 25188 | Orc:2    | Found a roughly hewn altar of Beogh.
 25941 | Orc:1    | Found a roughly hewn altar of Beogh.
 26363 | D:13     | Got a shimmering scale mail
 26402 | D:13     | Reached skill level 10 in Fighting
 26567 | D:13     | Found a gate to the Vaults.
 27558 | D:13     | Found a sparkling altar of Nemelex Xobeh.
 28898 | Lair:1   | Killed Gastronok
 28898 | Lair:1   | Reached skill level 5 in Conjurations
 29059 | Lair:2   | Found a staircase to the Shoals.
 29479 | Lair:3   | Killed Fannar
 30026 | Lair:6   | Entered Level 6 of the Lair of Beasts
 30117 | Lair:6   | Learned a level 3 spell: Mephitic Cloud
 30454 | Lair:6   | Reached XP level 15. HP: 118/129 MP: 29/29
 31758 | Lair:6   | Found a staircase to the Slime Pits.
 31759 | Lair:6   | Found a viscous altar of Jiyva.
 32393 | Lair:4   | Learned a level 3 spell: Dazzling Flash
 32447 | Spider:1 | Entered Level 1 of the Spider Nest
 32826 | Spider:1 | Noticed Nikola
 33437 | Lair:4   | Identified the +3 scale mail of Niybbic {rElec Int-2 Dex+3}
                  | (You found it on level 13 of the Dungeon)
 33440 | Spider:1 | Noticed Kirke
 33453 | Spider:1 | Killed Kirke
 33456 | Spider:1 | Killed Nikola
 34833 | Shoals:1 | Entered Level 1 of the Shoals
 34865 | Shoals:1 | Reached skill level 11 in Fighting
 34923 | Shoals:1 | Reached skill level 5 in Charms
 35660 | Shoals:1 | Learned a level 4 spell: Airstrike
 35862 | Shoals:2 | Reached skill level 10 in Axes
 36458 | Shoals:2 | Reached XP level 16. HP: 60/141 MP: 27/31
 39175 | Shoals:2 | Reached skill level 5 in Shields
 39690 | Elf:1    | Entered Level 1 of the Elven Halls
 44188 | Spider:2 | Reached XP level 17. HP: 84/150 MP: 32/32
 44568 | Spider:2 | Noticed Frances
 44597 | Spider:2 | Killed Frances
 45496 | Spider:3 | Noticed Louise
 45505 | Spider:3 | Killed Louise
 45877 | Spider:3 | Reached skill level 12 in Fighting
 48049 | Spider:3 | Noticed Bai Suzhen
 48061 | Spider:3 | Killed Bai Suzhen
 48444 | Spider:4 | Entered Level 4 of the Spider Nest
 49132 | Spider:3 | Reached skill level 10 in Dodging
 50843 | Spider:4 | Lost mutation: You are robust. (+10% HP) [potion of
                  | mutation]
 50843 | Spider:4 | Lost mutation: Your body sometimes deteriorates upon taking
                  | damage. [potion of mutation]
 50843 | Spider:4 | Gained mutation: Your magical capacity is low. (-10% MP)
                  | [potion of mutation]
 50843 | Spider:4 | Gained mutation: You have a pair of small horns on your
                  | head. [potion of mutation]
 50843 | Spider:4 | Gained mutation: You are clumsy. (Dex -2) [potion of
                  | mutation]
 50843 | Spider:4 | Gained mutation: Your spells are a little harder to cast,
                  | but a little more powerful. [potion of mutation]
 50844 | Spider:4 | Lost mutation: Your spells are a little harder to cast, but
                  | a little more powerful. [potion of mutation]
 50844 | Spider:4 | Lost mutation: Your magical capacity is low. (-10% MP)
                  | [potion of mutation]
 50844 | Spider:4 | Gained mutation: You are partially covered in thin metallic
                  | scales. (AC +2) [potion of mutation]
 50844 | Spider:4 | Gained mutation: You have an increased reservoir of magic.
                  | (+10% MP) [potion of mutation]
 51314 | Spider:4 | Reached XP level 18. HP: 51/145 MP: 37/37
 52290 | Spider:4 | Paralysed by a hornet for 3 turns
 52744 | Spider:4 | Got a gossamer rune of Zot
 53763 | Shoals:3 | Learned a level 1 spell: Magic Dart
 53790 | Shoals:4 | Entered Level 4 of the Shoals
 55562 | Shoals:4 | Got a barnacled rune of Zot
 55704 | Shoals:4 | Noticed Aizul
 55711 | Shoals:4 | Killed Aizul
 55956 | Shoals:4 | Got a jewelled hunting sling
 55962 | Shoals:4 | Identified the cursed +2 hunting sling of Moderation
                  | {speed, +Inv rElec Int+2} (You found it on level 4 of the
                  | Shoals)
 55997 | Shoals:4 | Reached skill level 13 in Fighting
 57139 | D:14     | Reached skill level 1 in Throwing
 57278 | D:14     | Got the ring "Sisch" {rF+ Dex+6}
 58323 | D:15     | Entered Level 15 of the Dungeon
 59000 | D:15     | Found a staircase to the Depths.
 60308 | Vaults:1 | Entered Level 1 of the Vaults
 60324 | Vaults:1 | Reached XP level 19. HP: 144/153 MP: 36/38
 61256 | Vaults:1 | Identified the +8 trident of War {vorpal, rF+ rN+}
 62318 | Vaults:1 | Noticed Donald
 62333 | Vaults:1 | Killed Donald
 63796 | Vaults:2 | Learned a level 2 spell: Ensorcelled Hibernation
 64123 | Vaults:2 | Reached skill level 14 in Fighting
 64526 | Vaults:2 | Reached XP level 20. HP: 138/163 MP: 36/40
 64646 | Vaults:2 | Noticed Asterion
 64671 | Vaults:2 | Killed Asterion
 64671 | Vaults:2 | Reached skill level 15 in Ice Magic
 64976 | Vaults:2 | Found Uder's Assorted Antiques.
 64984 | Vaults:2 | Bought a potion of stabbing for 156 gold pieces
 64984 | Vaults:2 | Bought a potion of berserk rage for 195 gold pieces
 64984 | Vaults:2 | Bought a leatherbound book for 585 gold pieces
 65184 | Vaults:2 | Found a staircase to the Crypt.
 65227 | Vaults:2 | Found Ulicuas's Gadget Boutique.
 65265 | Vaults:2 | Bought a wand of acid (6) for 320 gold pieces
 66394 | Vaults:3 | Learned a level 3 spell: Stone Arrow
 67241 | D:8      | Killed auberdahn's ghost
 67607 | D:2      | Killed Crazy Yiuf
 67949 | Lair:1   | Killed yaymichael's ghost
 68595 | Vaults:3 | Identified the +9 long sword of Greatest Utility {vorpal,
                  | rPois rC+ Str-3 SInv} (You found it on level 3 of the
                  | Vaults)
 68614 | Vaults:3 | Noticed Saint Roka
 68661 | Vaults:3 | Killed Saint Roka
 68715 | Vaults:3 | Reached skill level 1 in Translocations
 70048 | Vaults:3 | Reached skill level 1 in Unarmed Combat
 70566 | Vaults:4 | Reached skill level 15 in Fighting
 71510 | Vaults:4 | Reached XP level 21. HP: 78/173 MP: 39/42
 71516 | Vaults:3 | Reached skill level 15 in Axes
 72773 | Vaults:4 | Learned a level 2 spell: Blink
 73981 | Vaults:4 | Identified the +5 hunting sling "Ufaf" {venom, Str+5 SInv}
                  | (You found it on level 4 of the Vaults)
 74718 | Orc:2    | Bought a dazzling mace for 264 gold pieces
 74718 | Orc:2    | Identified the +9 mace of the Warrior-Mage {distort, MP+9
                  | Str+2} (You bought it in a shop on level 2 of the Orcish
                  | Mines)
 75201 | Elf:1    | Found a runed translucent door.
 75203 | Elf:1    | Noticed Soammui's ghost (adept MiBe)
 75431 | Elf:2    | Found a flickering gateway to a bazaar.
 75444 | Bazaar   | Entered a bazaar
 75446 | Bazaar   | Found Ecyifuokh's Armour Boutique.
 75450 | Bazaar   | Found Tiuckisk's Assorted Antiques.
 75450 | Bazaar   | Found Gonaryleh's Armour Boutique.
 75450 | Bazaar   | Found Ufack's Book Boutique.
 75477 | Bazaar   | Bought the +2 hat of the Apothecary {*Drain Str+6} for 252
                  | gold pieces
 75503 | Bazaar   | Bought a book of Clouds for 405 gold pieces
 75510 | Bazaar   | Learned a level 6 spell: Freezing Cloud
 75546 | Bazaar   | Bought a glowing ring mail for 133 gold pieces
 75546 | Bazaar   | Bought a glowing ring mail for 133 gold pieces
 75753 | Elf:2    | Found a portal to a secret trove of treasure.
 75818 | Elf:2    | Cast into level 2 of the Abyss (+1 glaive of distortion)
 75964 | Abyss:2  | Gained mutation: Your spells are a little easier to cast,
                  | but a little less powerful. [a neqoxec]
 76318 | Abyss:2  | Reached skill level 16 in Fighting
 76695 | Elf:2    | Escaped the Abyss
 77742 | Elf:2    | You paid a toll of a +4 demon trident to enter a treasure
                  | trove
 77743 | Trove    | Entered a treasure trove
 77792 | Trove    | Got a fine amethyst amulet
 77794 | Trove    | Got a sparkling bone amulet
 77796 | Trove    | Got a pitted amethyst amulet
 77860 | Trove    | Identified the amulet "Cilehil" {RegenMP +Fly rElec Dex-4
                  | Slay+2} (You found it in a treasure trove)
 77861 | Trove    | Identified the amulet "Foskuol" {Acrobat rElec rC- Int+2
                  | Slay+6} (You found it in a treasure trove)
 77862 | Trove    | Identified the amulet of Xom's Entertainment {RegenMP rC-
                  | Dex+3 Stlth+} (You found it in a treasure trove)
 77909 | Elf:2    | Reached XP level 22. HP: 184/184 MP: 43/43
 78282 | Elf:2    | Found a huge runed translucent gate.
 78282 | Elf:2    | Found a huge runed translucent gate.
 78282 | Elf:2    | Found a huge runed translucent gate.
 78282 | Elf:2    | Found a huge runed translucent gate.
 78282 | Elf:2    | Found a huge runed translucent gate.
 78343 | Elf:3    | Entered Level 3 of the Elven Halls
 78553 | Elf:3    | Reached skill level 5 in Air Magic
 80012 | Elf:3    | Reached XP level 23. HP: 137/191 MP: 42/45
 80015 | Elf:3    | Identified the cursed +2 lajatang "Sepritza" {venom, rElec
                  | rF+ Dex-5 Stlth+}
 80514 | Elf:3    | Identified the +7 hand axe of Xom's Indignation {speed, rF+
                  | MP+9 Str+2}
 80524 | Elf:3    | Reached skill level 17 in Fighting
 80643 | Elf:3    | Found the +10 dark maul {vorpal}
 80663 | Elf:3    | Found the +0 staff of Battle
 80687 | Elf:3    | Identified the ring "Oniazunt" {rCorr Int+3} (You found it
                  | on level 3 of the Elven Halls)
 80707 | Elf:3    | Identified Sif Muna's Papyrus of Ashen Ice
 80722 | Elf:3    | Identified Kuvak's Grimoire of Enchantment
 80810 | Elf:3    | Identified the +2 falchion "Hoseef" {antimagic, Stlth+}
                  | (You found it on level 3 of the Elven Halls)
 80879 | Elf:3    | Got the ring of Jonesuck {rN+ Dex+8}
 81270 | Depths:1 | Entered Level 1 of the Depths
 82507 | Depths:1 | Found a one-way gate leading to the halls of Pandemonium.
 82552 | Depths:1 | Found a gateway to Hell.
 82795 | Depths:1 | Found a one-way gate to the infinite horrors of the Abyss.
 83303 | Depths:1 | Reached skill level 18 in Fighting
 83599 | D:14     | Learned a level 5 spell: Metabolic Englaciation
 83846 | Vaults:5 | Entered Level 5 of the Vaults
 84379 | Vaults:4 | Reached skill level 19 in Fighting
 85482 | Depths:2 | Noticed Sojobo
 86224 | Depths:2 | Reached XP level 24. HP: 208/208 MP: 44/45
 86323 | Depths:2 | Identified the Handbook of Dislocation and Earth
 86776 | Depths:2 | Killed Sojobo
 86876 | Depths:2 | Paralysed by a floating eye for 3 turns
 87462 | D:8      | Learned a level 1 spell: Pain
 87729 | Depths:2 | Reached skill level 20 in Fighting
 88139 | Depths:3 | Reached skill level 10 in Conjurations
 88509 | Depths:3 | Reached skill level 1 in Necromancy
 89770 | Depths:3 | Found a gateway to a ziggurat.
 89787 | Zig:1    | Entered Level 1 of a ziggurat
 89829 | Zig:2    | Entered Level 2 of a ziggurat
 89859 | Zig:3    | Entered Level 3 of a ziggurat
 89859 | Zig:3    | Noticed a shard shrike
 89868 | Zig:3    | Killed a shard shrike
 89883 | Zig:3    | Reached skill level 10 in Shields
 90099 | Zig:4    | Entered Level 4 of a ziggurat
 90392 | Zig:4    | Reached XP level 25. HP: 217/217 MP: 45/45
 90396 | Zig:5    | Entered Level 5 of a ziggurat
 90508 | Zig:6    | Entered Level 6 of a ziggurat
 90803 | Zig:7    | Entered Level 7 of a ziggurat
 90807 | Zig:7    | Noticed an ancient lich
 90813 | Zig:7    | Paralysed by an ancient lich for 3 turns
 90834 | Zig:7    | Paralysed by an ancient lich for 6 turns
 90850 | Zig:8    | Entered Level 8 of a ziggurat
 91331 | Zig:9    | Entered Level 9 of a ziggurat
 91610 | Zig:9    | Found the +3 pair of gauntlets of War {Slay+5}
 91618 | Zig:9    | Got a slimy mace
 91619 | Zig:9    | Identified the cursed +1 mace "Orb Guardian's Peril"
                  | {flame, SInv} (You found it on level 9 of a ziggurat)
 91679 | Zig:10   | Entered Level 10 of a ziggurat
 91991 | Zig:11   | Entered Level 11 of a ziggurat
 91996 | Zig:11   | Noticed Memonutt the pandemonium lord
 91997 | Zig:11   | Noticed a Killer Klown
 91998 | Zig:11   | Noticed a Killer Klown
 92017 | Zig:11   | Lost mutation: You have an increased reservoir of magic.
                  | (+10% MP) [a shining eye]
 92028 | Depths:3 | Killed a Killer Klown
 92028 | Depths:3 | Reached skill level 15 in Spellcasting
 92453 | Depths:3 | Noticed Boris
 92484 | Depths:3 | Killed Boris
 94359 | Depths:4 | Noticed Boris
 94388 | Depths:4 | Killed Boris
 95227 | Depths:4 | Identified the +1 chain mail of Virtue {Dex+4 Slay+3} (You
                  | found it on level 4 of the Depths)
 95230 | Depths:4 | Identified the Guide on Floating Calling
 95869 | Crypt:1  | Entered Level 1 of the Crypt
 96124 | Crypt:1  | Noticed Boris
 96144 | Crypt:1  | Killed Boris
 97933 | Crypt:2  | Reached skill level 5 in Necromancy
 98233 | Crypt:2  | Noticed Margery
 98260 | Crypt:2  | Killed Margery
 98493 | Crypt:3  | Entered Level 3 of the Crypt
 98671 | Crypt:3  | Reached skill level 15 in Shields
 99066 | Crypt:3  | Noticed Xtahua
 99080 | Crypt:3  | Killed Xtahua
 99320 | Crypt:3  | Found a basalt altar of Yredelemnul.
 99320 | Crypt:3  | Noticed an ancient lich
 99332 | Crypt:3  | Killed an ancient lich
 99372 | Crypt:3  | Identified the ring "Rurooc" {rF+ rN+ Str+2 Slay+2} (You
                  | found it on level 3 of the Crypt)
 99373 | Crypt:3  | Identified the ring "Tilaotuy" {rN+ Str+5 Int+3} (You found
                  | it on level 3 of the Crypt)
 99374 | Crypt:3  | Identified the ring "Ihiustreh" {rN+ Str+4} (You found it
                  | on level 3 of the Crypt)
 99391 | Crypt:3  | Identified the ring "Lakhlaj" {rC++ Int+5 Dex-2 Stlth+}
                  | (You found it on level 3 of the Crypt)
 99504 | Crypt:3  | Reached skill level 10 in Stealth
 99914 | Crypt:3  | Found a staircase to the Tomb.
102572 | Vaults:5 | Got the ring "Eticuxegg" {rElec rPois rF+ Int-4 Dex+4}
102810 | Vaults:5 | Reached skill level 21 in Fighting
103175 | Vaults:5 | Identified the ring of the Dolphin {rC+ Str+3}
103229 | Vaults:5 | Found Akuvib's Antique Armour Emporium.
103800 | Vaults:5 | Identified the +7 rapier of the Sea {vorpal, rN++ Dex+5
                  | Stlth-}
104028 | Vaults:5 | Got a silver rune of Zot
104929 | Hell     | Entered the Vestibule of Hell
104929 | Hell     | Noticed Geryon
104960 | Hell     | Killed Geryon
105184 | Hell     | Found a gateway to the freezing wastes of Cocytus.
105541 | Hell     | Found a gateway to the Iron City of Dis.
105832 | Hell     | Found a gateway to the decaying netherworld of Tartarus.
105853 | Hell     | Noticed Murray
105877 | Hell     | Killed Murray
106123 | Depths:5 | Entered Level 5 of the Depths
106967 | Depths:5 | Reached skill level 22 in Fighting
106976 | Depths:5 | Found a gate to the Realm of Zot.
106982 | Zot:1    | Entered Level 1 of the Realm of Zot
107776 | Zot:1    | You fall into a shaft and drop 1 floor!
108035 | Zot:1    | Noticed an ancient lich
108293 | Zot:1    | Killed an ancient lich
109411 | Zot:1    | Noticed an orb of fire
109415 | Zot:1    | Gained mutation: You are dopey. (Int -2) [an orb of fire]
109432 | Zot:1    | Gained mutation: You are frail. (-10% HP) [an orb of fire]
109452 | Zot:1    | Killed an orb of fire
110384 | Zot:1    | Reached skill level 23 in Fighting
110397 | Zot:1    | You fall into a shaft and drop 1 floor!
110989 | Zot:1    | Lost mutation: You are frail. (-10% HP) [potion of
                  | mutation]
110989 | Zot:1    | Lost mutation: Your spells are a little easier to cast, but
                  | a little less powerful. [potion of mutation]
110989 | Zot:1    | Lost mutation: You are clumsy. (Dex -2) [potion of
                  | mutation]
110989 | Zot:1    | Gained mutation: You are frail. (-10% HP) [potion of
                  | mutation]
110989 | Zot:1    | Gained mutation: You are very frail. (-20% HP) [potion of
                  | mutation]
110989 | Zot:1    | Gained mutation: You are agile. (Dex +2) [potion of
                  | mutation]
110990 | Zot:1    | Lost mutation: You are partially covered in thin metallic
                  | scales. (AC +2) [potion of mutation]
110990 | Zot:1    | Gained mutation: Your spells are a little harder to cast,
                  | but a little more powerful. [potion of mutation]
110991 | Zot:1    | Lost mutation: You are partially covered in rugged brown
                  | scales. (AC +1, +3% HP) [potion of mutation]
110991 | Zot:1    | Lost mutation: You are dopey. (Int -2) [potion of mutation]
110991 | Zot:1    | Lost mutation: Your spells are a little harder to cast, but
                  | a little more powerful. [potion of mutation]
110991 | Zot:1    | Gained mutation: Scrolls take you a little longer to read.
                  | [potion of mutation]
110991 | Zot:1    | Gained mutation: You are very agile. (Dex +4) [potion of
                  | mutation]
110991 | Zot:1    | Gained mutation: You are partially covered in large bone
                  | plates. (SH +4) [potion of mutation]
110991 | Zot:1    | Gained mutation: You can translocate small distances at
                  | will. [potion of mutation]
110992 | Zot:1    | Lost mutation: You are very agile. (Dex +4) [potion of
                  | mutation]
110992 | Zot:1    | Lost mutation: You are very frail. (-20% HP) [potion of
                  | mutation]
110992 | Zot:1    | Gained mutation: You are partially covered in slimy green
                  | scales. (AC +2) [potion of mutation]
113696 | Zot:5    | Entered Level 5 of the Realm of Zot
113716 | Zot:5    | Found a runed translucent gate.
113716 | Zot:5    | Found a runed translucent gate.
113716 | Zot:5    | Found a runed translucent gate.
113716 | Zot:5    | Noticed moogleknight's ghost (master DsBe)
113720 | Zot:5    | Found the +7 sceptre of Torment {pain, torment}
113720 | Zot:5    | Noticed an ancient lich
113860 | Zot:5    | Reached skill level 24 in Fighting
113897 | Zot:5    | Noticed an ancient lich
113912 | Zot:5    | Noticed an ancient lich
113915 | Zot:5    | Noticed an orb of fire
113917 | Zot:5    | Noticed a Killer Klown
113918 | Zot:5    | Noticed a Killer Klown
113926 | Zot:5    | Gained mutation: You occasionally shout uncontrollably at
                  | your foes. [mutagenic glow]
113942 | Zot:4    | HP: 9/200 [Orb Guardian (29)]
113943 | Zot:4    | Annihilated by an Orb Guardian

Illustrated notes

Levels and vault maps discovered:
D:1:      minmay_arrival_five_plusses, layout_loops_cross
D:2:      minmay_chambers_of_twos, layout_loops_corners,
          nicolae_ru_the_path_less_chosen, uniq_crazy_yiuf_cottage
D:3:      layout_loops_ring, uniq_natasha
D:4:      layout_cave_pools, uniq_robin
D:5:      layout_rooms, ashenzari_altar_1, lemuel_doored_altar, first_ration,
          uniq_ijyb
D:6:      layout_layer_cave, kennysheep_mini_moat, minmay_temple_entry_junction,
          enter_ossuary_2
D:7:      layout_basic, kennysheep_mini, enter_bailey_6
D:8:      wad_arrow_thing, layout_basic, biasface_ghost_orc_armoury,
          special_room [special_room_orc]
D:9:      layout_cave_pods, slow_altar_1, minmay_lair_entry_grove, serial_shops,
          shop
D:10:     minmay_the_grid_octo_triangle [minmay_the_grid_octo_chip,
          minmay_the_grid_octo_prize_single_spiral, minmay_the_grid_octo_teeth],
          layout_basic, the_bakery, tgw_kikubaaqudgha
D:11:     layout_roguey, nicolae_alphabet_shops, eino_tiny_chamber,
          kennysheep_generic_room_9
D:12:     layout_layer_cave, kennysheep_orc_monster_closet_entryway,
          serial_shops, shop, kennysheep_little_box, elyvilon_altar_5
D:13:     layout_loops_corners, ximxim_vaults_locker_room,
          nemelex_xobeh_ov_fountains_minmay
D:14:     layout_stronghold, kennysheep_generic_room_11
D:15:     gammafunk_enter_depths_forms, layout_basic, minmay_misc_feat_diagonals
Lair:1:   lemuel_ratsnest, layout_chaotic_city, gammafunk_ghost_icy,
          lemuel_fruit_fields, uniq_gastronok
Lair:2:   layout_gridlike, minmay_shoals_entry_hut, minmay_lindwurm_lava
Lair:3:   layout_concentric_octagons, uniq_fannar
Lair:4:   layout_cellular_growth, nicolae_spider_entry_non_spiders
Lair:5:   beast_lair_carwin_large_4, layout_long_grid, st_stairs_12,
          serial_bayou_pond_d, serial_bayou_shore_a
Lair:6:   gammafunk_lair_ancient_temple, layout_regular_city, slime_altar_1
Shoals:1: layout_shoals
Shoals:2: layout_shoals
Shoals:3: layout_shoals
Shoals:4: shoals_end_grunt_ice, layout_shoals, uniq_aizul
Spider:1: layout_spider_delve, einodemon_crawler_minivault, uniq_kirke,
          uniq_nikola
Spider:2: layout_chambers, uniq_frances
Spider:3: layout_spider_delve, zaba_antful_of_joy, uniq_bai_suzhen, uniq_louise
Spider:4: spider_rune_water, drop_trap, spiders_nest_spider_trap
Orc:1:    layout_caves, basic_altar
Orc:2:    grunt_orc_community_town_hall, layout_diamond_mine,
          grunt_orc_community_big_house_2, grunt_orc_community_big_house_2,
          grunt_orc_community_house_2, grunt_orc_community_house_1,
          grunt_orc_community_house_2, grunt_orc_community_house_2,
          grunt_orc_community_house_2, portal_ice_cave_entry_imps
Elf:1:    eino_elf_arrival_the_gate, layout_geoelf_octagon,
          ebering_ghost_reflecting_pool, minmay_elf_crystal_hexagon
Elf:2:    layout_onion_city, nicolae_trove_entry_free_sample, serial_shops,
          bzr_in_the_mist
Elf:3:    elf_hall, layout_onion_city
Vaults:1: v_misc_30, dpeg_vaults_monster_box, v_alt_pattern_2, v_misc_15,
          nicolae_vaults_little_squares_3, v_alt_pattern_5, v_alt_pattern_4,
          vaults_mumra_minichess_inversion, grunt_vaults_bifocal,
          vaults_room_fancy_cross, nicolae_vaults_what_the_h,
          ontoclasm_vaults_ring_square, layout_vaults_maze, uniq_donald
Vaults:2: nicolae_vaults_network_square, ontoclasm_vaults_hangar,
          vaults_room_door_ring, v_misc_18, nicolae_vaults_network_s,
          st_hourglassy, nicolae_vaults_big_angled_halls, v_misc_27,
          nicolae_vaults_mini_display_case, hangedman_vaults_trim,
          ontoclasm_vaults_tryst, minmay_crypt_entry_simple_walls,
          vaults_dpeg_diagonal, nicolae_vaults_theta, layout_vaults_omnicross,
          serial_shops, nicolae_shop_waterfront, shop, uniq_asterion
Vaults:3: nicolae_vaults_network_quinsquares
          [nicolae_vaults_network_quincunx_subvault,
          nicolae_vaults_network_quincunx_subvault,
          nicolae_vaults_network_quincunx_subvault,
          nicolae_vaults_network_quincunx_subvault],
          hangedman_vaults_corner_blocks, hangedman_vaults_impose,
          ontoclasm_vaults_shuriken, v_misc_28, hangedman_vaults_impose,
          nicolae_vaults_little_squares_4, v_pattern_1, vaults_dpeg_ring,
          grunt_vaults_hallway_short, layout_vaults_omnigrid, uniq_saint_roka
Vaults:4: ontoclasm_vaults_idyll, nicolae_vaults_rhombus_7,
          hangedman_vaults_river_flow, dpeg_vaults_waves,
          nicolae_vaults_angled_halls, hangedman_vaults_nails,
          vaults_standard_mumra_enter_the_diamond, nicolae_vaults_gold_heap,
          hangedman_vaults_capsules, layout_vaults_big_room
Vaults:5
Crypt:1:  layout_rooms, moated_statue, st_stairs_1, grunt_crypt_arrival_split
Crypt:2:  layout_misc_corridors, uniq_margery
Crypt:3:  cryptofortress_bobbens, uniq_xtahua
Depths:1: layout_long_grid, abyss_entry, hellmouth_1, pan_entry,
          kennysheep_generic_room_7, grunt_megastairs_4
Depths:2: minmay_angry_zag, layout_cave_pools, nicolae_sextant,
          hangedman_coc_ice_floe, infiniplex_staircase_hallway_doors,
          uniq_sojobo
Depths:3: kennysheep_big_flooded_room, layout_gridville, enter_ziggurat_e,
          pf_hell_entry_tar_river, kennysheep_another_room,
          rand_demon_pan_entry_8, uniq_boris
Depths:4: minmay_haunted_quarter, layout_gridville, abyss_entry,
          minmay_misc_feat_chi, hell_entry, serial_sigils_hangedman_gut,
          minmay_staircase_statues_hall_large
Depths:5: evilmike_zot_entry_gauntlet, layout_cave_pools, grunt_hell_horde
Hell
Zot:1:    hangedman_zot_vaults_quadrants, layout_onion
Zot:2:    layout_onion_interference
Zot:3:    layout_twisted_circle
Zot:4:    layout_cellular_growth
Zot:5:    layout_cathedral_of_symmetry, gammafunk_ghost_necromancy

Skill      XL: |  1  2  3  4  5  6  7  8  9 10 11 12 13 14 15 16 17 18 19 20 21 22 23 24 25 |
---------------+----------------------------------------------------------------------------+-----
Ice Magic      | 5 6 7 8 9 11 12 13 14 15 16 17 20 | 20.1
Dodging        | 3 4 5 6 7 8 9 10 11 14 | 14.5
Long Blades    | 1 2 3 4 |  4.7
Stealth        | 3 4 5 6 7 8 9 14 | 14.5
Fighting       | 1 2 3 7 8 9 10 11 12 13 14 15 16 19 20 24 | 24.0
Spellcasting   | 3 4 5 8 7 9 10 11 12 13 14 17 | 17.7
Polearms       | 2 5 7 10 12 13 | 13.5
Shields        | 3 2 4 5 6 7 8 9 10 15 | 15.0
Air Magic      | 3 4 5 |  5.8
Conjurations   | 1 2 3 4 5 6 7 8 9 10 13 | 13.2
Evocations     | 1 2 3 4 |  4.3
Axes           | 1 5 8 10 11 12 13 14 15 | 15.5
Charms         | 1 3 5 6 7 |  7.9
Throwing       | 2 3 |  3.9
Translocations | 2 |  2.8
Unarmed Combat | 2 3 |  3.4
Necromancy     | 2 6 |  6.0
Maces & Flails | |  0.2

Action                   |  1- 3 |  4- 6 |  7- 9 | 10-12 | 13-15 | 16-18 | 19-21 | 22-24 | 25-27 || total
-------------------------+-------+-------+-------+-------+-------+-------+-------+-------+-------++-------
Melee: Unarmed           |     6 |       |       |       |       |       |       |       |       ||     6
       Mace              |   117 |    19 |       |       |       |       |       |       |       ||   136
       Scimitar          |       |    66 |   103 |       |       |       |       |       |       ||   169
       Trident           |       |       |   122 |   772 |    41 |       |   535 |    42 |   519 ||  2031
       Broad axe         |       |       |       |    79 |  1028 |  1332 |   437 |    96 |    29 ||  3001
       Tailslap          |       |       |       |       |    15 |    52 |     1 |    13 |    25 ||   106
       Headbutt          |       |       |       |       |       |   132 |   397 |   258 |   798 ||  1585
       Demon trident     |       |       |       |       |       |       |   615 |   647 |  1983 ||  3245
Throw: Boomerang         |       |     2 |    17 |     6 |    14 |    34 |       |       |       ||    73
       Javelin           |       |       |       |       |       |     9 |     1 |     6 |    41 ||    57
 Cast: Freeze            |    28 |     1 |       |       |       |       |       |       |       ||    29
       Frozen Ramparts   |     4 |    14 |    39 |    95 |    89 |   132 |    74 |    47 |    61 ||   555
       Shock             |       |       |       |     7 |     1 |     4 |     2 |       |       ||    14
       Hailstorm         |       |       |       |     1 |       |     1 |     1 |     1 |       ||     4
       Song of Slaying   |       |       |       |       |     1 |     1 |     1 |       |       ||     3
       Freezing Cloud    |       |       |       |       |       |       |       |     3 |    10 ||    13
       Mephitic Cloud    |       |       |       |       |       |       |       |     1 |       ||     1
       Stone Arrow       |       |       |       |       |       |       |       |       |     4 ||     4
       Metabolic Englaci |       |       |       |       |       |       |       |       |     1 ||     1
Invok: Sacrifice Love    |       |     1 |       |       |       |       |       |       |       ||     1
       Draw Out Power    |       |       |     1 |     1 |       |     2 |       |       |     1 ||     5
       Sacrifice Durabil |       |       |     1 |       |       |       |       |       |       ||     1
       Power Leap        |       |       |       |     2 |     1 |     3 |     1 |     1 |     2 ||    10
       Sacrifice Arcana  |       |       |       |     1 |       |       |       |       |       ||     1
       Sacrifice Experie |       |       |       |     1 |       |       |       |       |       ||     1
       Sacrifice Health  |       |       |       |     1 |       |       |       |       |       ||     1
       Apocalypse        |       |       |       |       |     4 |    13 |     9 |     5 |     7 ||    38
 Abil: Evoke Invisibilit |       |       |       |       |     3 |       |       |       |       ||     3
Evoke: Wand              |       |       |     6 |    17 |     7 |    24 |     3 |     5 |    14 ||    76
       Lightning rod     |       |       |       |       |     1 |     7 |     7 |     5 |     3 ||    23
       Phial of floods   |       |       |       |       |       |       |     1 |       |       ||     1
       Tin of tremorston |       |       |       |       |       |       |       |     1 |     3 ||     4
  Use: Scroll            |       |     5 |     6 |    19 |    14 |    19 |    15 |    17 |    35 ||   130
       Potion            |       |     1 |     8 |     7 |     8 |    19 |    12 |    10 |    25 ||    90
 Stab: Sleeping          |     2 |     6 |     8 |    18 |    16 |     4 |    17 |    11 |    21 ||   103
       Distracted        |       |     1 |       |     9 |    15 |    14 |    21 |    10 |    22 ||    92
       Invisible         |       |       |     1 |    14 |    18 |    32 |    46 |     4 |    24 ||   139
       Paralysed         |       |       |       |     3 |    10 |    31 |    18 |    10 |    13 ||    85
       Confused          |       |       |       |       |       |     2 |       |     1 |       ||     3
       Held in net/web   |       |       |       |       |       |     1 |       |       |       ||     1
       Petrifying        |       |       |       |       |       |       |     2 |       |       ||     2
       Fleeing           |       |       |       |       |       |       |     1 |       |       ||     1
  Eat: Chunk             |     4 |     4 |    13 |    21 |    32 |    14 |    16 |    14 |    20 ||   138
       Ration            |       |     2 |       |     6 |     7 |    17 |    12 |     7 |    17 ||    68
Armor: Robe              |    21 |    23 |    13 |       |       |       |       |       |       ||    57
       Ring mail         |       |       |    47 |   111 |     9 |       |    14 |    38 |    58 ||   277
       Skin              |       |       |       |     4 |       |       |       |       |       ||     4
       Scale mail        |       |       |       |    12 |   176 |    77 |   156 |    51 |    29 ||   501
       Chain mail        |       |       |       |       |    23 |   360 |       |       |   227 ||   610
Dodge: Dodged            |    75 |    85 |   167 |   383 |   410 |   437 |   338 |   228 |   541 ||  2664
       Repelled          |       |       |       |       |       |       |       |       |     6 ||     6
Block: Buckler           |       |       |       |    50 |   199 |   147 |       |       |       ||   396
       Kite shield       |       |       |       |       |       |   203 |   438 |   299 |  1171 ||  2111
       Reflection        |       |       |       |       |       |       |       |    40 |    54 ||    94
       Rpst.: Scimitar   |       |    17 |    15 |       |       |       |       |       |       ||    32
